Map: Inside and Out

Players

A.I. 1 (Easy) - Winner!

  • Race: Zerg Zerg
  • Spawn Location: 1:00

Ebinette

  • Race: Terran Terran
  • League: Diamond
  • Spawn Location: 7:00

VOD

Have the link to the VOD?

Description

test

Time

  • Played on: Aug. 3, 2022, 12:04 p.m.
  • Length: 11:18
Show
View Real Time Build Order
Export as new Build Order

A.I. 1 (Easy) Zerg - Winner!

Build Orders: Hatch First 

Get SALT Encoding   

  6  0:01  Drone  
  13  0:12  Overlord  
  13  0:16  Drone  
  14  0:31  Drone  
  14  0:35  Drone  
  16  0:49  Hatchery  
  15  0:53  Drone  
  16  1:09  Spawning Pool  
  15  1:11  Extractor  
  15  1:13  Drone  
  15  1:17  Drone  
  16  1:24  Overlord  
  16  1:57  Queen, Zergling x2  
  16  1:59  Roach Warren, Zergling x2  
  16  2:00  Drone, Extractor  
  19  2:07  Drone  
  20  2:26  Drone  
  21  2:30  Drone  
  21  2:34  Drone  
  23  2:38  Roach, Drone  
  23  2:40  Roach  
  23  2:43  Drone  
  29  2:49  Drone  
  30  2:54  Overlord  
  32  3:05  Roach  
  32  3:11  Drone  
  33  3:15  Drone  
  33  3:19  Drone  
  35  3:23  Drone  
  35  3:25  Overlord  
  36  3:30  Drone  
  36  3:34  Lair  
  37  3:46  Drone  
  38  3:50  Drone  
  38  3:54  Drone  
  40  3:57  Roach  
  40  3:59  Drone  
  43  4:03  Drone  
  43  4:04  Overlord  
  43  4:07  Drone  
  45  4:12  Drone  
  45  4:16  Drone  
  47  4:20  Drone  
  47  4:23  Roach  
  50  4:24  Drone  
  50  4:27  Overlord  
  50  4:30  Drone  
  52  4:33  Hydralisk Den  
  52  4:35  Drone  
  52  4:39  Drone  
  52  4:43  Drone  
  54  4:48  Overlord, Drone  
  54  4:49  Roach  
  54  4:51  Overseer  
  57  4:53  Overseer  
  57  4:54  Drone  
  57  4:58  Drone  
  59  5:05  Drone  
  60  5:09  Drone  
  60  5:11  Overlord  
  60  5:13  Drone, Extractor  
  60  5:14  Hydralisk  
  61  5:18  Drone  
  64  5:22  Drone  
  64  5:25  Extractor  
  64  5:28  Drone  
  65  5:35  Drone  
  66  5:39  Hydralisk, Drone  
  69  5:43  Drone  
  70  6:05  Hydralisk  
  72  9:38  Hatchery  
  71  9:50  Pneumatized Carapace  
  71  9:51  Overseer, Overlord x2  
  71  9:52  Infestation Pit, Overlord  
  70  9:55  Evolution Chamber  
  69  10:11  Zergling x2  
  68  10:14  Overseer  
  50  10:29  Overseer  
  50  10:33  Hydralisk  
  52  10:52  Drone  
  52  10:56  Drone  
  54  11:00  Drone  
  54  11:02  Extractor  
  56  11:04  Drone, Extractor  
Show
View Real Time Build Order
Export as new Build Order

Ebinette Terran 

Build Orders:  

Get SALT Encoding   

  6  0:00  SCV  
  13  0:12  SCV  
  14  0:16  Supply Depot  
  14  0:24  SCV  
  14  0:27  Refinery  
  15  0:38  SCV  
  16  0:45  Barracks  
  16  0:51  SCV  
  17  1:03  SCV  
  18  1:15  SCV  
  19  1:27  SCV  
  19  1:31  Marine  
  21  1:34  Factory  
  21  1:41  Supply Depot, Orbital Command  
  21  1:45  Refinery  
  21  1:55  Barracks Reactor  
  21  2:08  SCV  
  22  2:19  Command Center  
  22  2:21  SCV  
  23  2:36  Ghost Academy  
  23  2:37  SCV  
  24  2:46  Widow Mine x2  
  24  2:49  Barracks Tech Lab  
  24  2:51  Supply Depot  
  28  2:53  SCV  
  29  3:07  SCV  
  29  3:12  Widow Mine, Ghost  
  34  3:13  Widow Mine  
  34  3:19  SCV  
  37  3:35  Widow Mine  
  37  3:36  Widow Mine  
  37  3:40  Ghost  
  43  3:47  Orbital Command  
  43  3:56  Armory  
  43  4:02  SCV  
  44  4:10  Ghost  
  44  4:14  SCV x2  
  48  4:20  Supply Depot  
  48  4:23  Widow Mine  
  50  4:25  Widow Mine  
  52  4:33  Barracks  
  52  4:34  SCV x2  
  54  4:43  Supply Depot  
  54  4:45  Ghost  
  56  4:49  SCV x2  
  58  4:58  Supply Depot  
  58  5:01  Refinery, SCV  
  58  5:04  SCV  
  62  5:07  Widow Mine  
  62  5:13  Supply Depot, SCV  
  63  5:14  Ghost  
  63  5:18  SCV  
  63  5:20  Refinery  
  66  5:22  Barracks Tech Lab  
  66  5:31  Widow Mine  
  66  5:33  SCV  
  66  5:34  Command Center  
  69  5:36  SCV  
  69  5:40  Ghost  
  72  5:48  SCV  
  72  5:49  SCV, Ghost  
  76  5:59  Widow Mine  
  76  6:00  Widow Mine, SCV  
  76  6:01  SCV  
  82  6:04  Supply Depot  
  82  6:09  Supply Depot  
  82  6:12  Ghost  
  84  6:18  Supply Depot  
  84  6:19  Ghost  
  86  6:26  SCV x2  
  86  6:31  Factory  
  88  6:34  Widow Mine x2  
  88  6:38  SCV  
  93  6:40  Supply Depot  
  93  6:42  Engineering Bay  
  93  6:44  Engineering Bay  
  93  6:50  Ghost  
  93  6:52  Supply Depot  
  95  7:03  SCV x2, Ghost  
  95  7:07  Terran Infantry Weapons Level 1  
  99  7:12  Orbital Command  
  99  7:15  SCV x2  
  101  7:19  Factory Tech Lab  
  101  7:20  Widow Mine  
  101  7:21  Ghost  
  105  7:27  SCV  
  106  7:33  Ghost  
  106  7:35  SCV  
  109  7:37  Refinery  
  109  7:39  SCV  
  109  7:41  SCV  
  111  7:46  Drilling Claws  
  111  7:48  SCV  
  112  7:51  SCV  
  112  7:53  SCV  
  112  7:54  Supply Depot  
  112  7:56  Refinery  
  114  8:04  Terran Infantry Armor Level 1, Ghost  
  114  8:05  Command Center  
  116  8:10  Ghost  
  118  8:17  Supply Depot  
  118  8:18  SCV x2  
  118  8:19  SCV  
  121  8:22  Personal Cloaking  
  121  8:24  Widow Mine x2  
  125  8:30  SCV  
  126  8:38  Command Center  
  126  8:39  SCV x2  
  128  8:42  Ghost  
  128  8:44  Ghost  
  128  8:46  Widow Mine  
  135  8:48  SCV  
  135  9:02  Barracks  
  135  9:04  Barracks  
  135  9:08  SCV x2  
  135  9:09  SCV  
  138  9:11  Widow Mine x2  
  138  9:12  Ghost  
  144  9:20  Supply Depot, Terran Vehicle And Ship Armor Level 1  
  144  9:21  Supply Depot  
  144  9:25  SCV x3  
  147  9:32  Ghost  
  147  9:34  Widow Mine x2  
  147  9:35  Widow Mine  
  147  9:37  SCV x2  
  157  9:41  SCV  
  157  9:42  Ghost  
  160  9:49  SCV, Barracks Tech Lab  
  160  9:51  Barracks Tech Lab  
  161  9:54  SCV  
  161  9:55  Widow Mine x2  
  161  9:56  Widow Mine  
  168  10:00  Planetary Fortress  
  168  10:01  Refinery, Ghost  
  168  10:03  Refinery, Missile Turret  
  168  10:04  SCV  
  171  10:10  Orbital Command, Ghost  
  169  10:16  Command Center  
  169  10:20  Ghost x2  
  171  10:21  Widow Mine  
  171  10:22  Widow Mine x2, SCV x2  
  171  10:27  SCV  
  180  10:31  Ghost  
  180  10:34  SCV  
  183  10:41  Command Center  
  183  10:42  Ghost  
  183  10:45  SCV  
  183  10:46  Orbital Command  
  188  11:00  SCV x2  
  192  11:13  Command Center  
Tags
 
League
Diamond
Matchup
TvZ
Spawn Locations
Cross Positions
Add a new tag
Caveats
  • Supply blocks, unpowered buildings, or Contaminate may cause inaccurate times.
  • Supply counts are checked every 10 seconds.